 Dungeon Crawl Stone Soup version 0.17.0-24-gcfadda4 (webtiles) character file.

247 MDvedh the Chopper (level 5, 0/46 HPs)
             Began as a Deep Dwarf Fighter on Nov 16, 2015.
             Succumbed to M4edhros's ghost's poison
             ... on level 3 of the Dungeon.
             The game lasted 00:04:02 (1851 turns).

MDvedh the Chopper (Deep Dwarf Fighter)             Turns: 1851, Time: 00:04:03

Health: 0/46       AC: 13    Str: 21    XL:     5   Next: 85%
Magic:  5/5        EV:  3    Int:  6    God:
Gold:   146        SH:  9    Dex: 12    Spells: 0 memorised, 4 levels left

rFire  . . .     SeeInvis .     a - +0 war axe
rCold  . . .     Clarity  .     g - +0 plate armour
rNeg   + . .     SustAt   .     c - +0 shield
rPois  .         Gourm    .     r - +0 helmet
rElec  .         Spirit   .     s - +0 cloak
rCorr  .         Warding  .     (no gloves)
rMut   .         Stasis   .     (no boots)
MR     .....                    (no amulet)
Stlth  ..........               (no ring)
                                n - ring of positive energy

@: lethally poisoned (0 -> -43), non-regenerating, not resistant to hostile
enchantments, extremely unstealthy
A: damage resistance, recharge devices, talons 1, deterioration 1, dopey 1,
sense surroundings 1, slow regeneration 3
a: Device Recharging


You were on level 3 of the Dungeon.
You were not hungry.

You visited 1 branch of the dungeon, and saw 3 of its levels.

You collected 146 gold pieces.

Inventory:

Hand Weapons
 a - a +0 war axe (weapon)
Armour
 c - a +0 shield (worn)
 g - a +0 plate armour (worn)
 r - a +0 helmet (worn)
 s - a +0 cloak (worn)
Jewellery
 n - a ring of positive energy (left hand)
Wands
 e - a wand of heal wounds (3)
Scrolls
 h - 2 scrolls of noise {unknown}
 j - a scroll of fear {unknown}
 l - 2 scrolls of identify {unknown}
 m - a scroll of enchant armour {unknown}
 p - 3 scrolls of remove curse {unknown}
 q - a scroll of recharging {unknown}
 t - a scroll of immolation {unknown}
Potions
 d - a potion of might
 k - a potion of magic
 o - a potion of lignification {unknown}
Books
 w - a book of Clouds

   Spells                             Type                      Level
   a - Mephitic Cloud                 Conjuration/Poison/Air       3
   b - Conjure Flame                  Conjuration/Fire             3
   c - Poisonous Cloud                Conjuration/Poison/Air       6
   d - Freezing Cloud                 Conjuration/Ice/Air          6
   e - Ring of Flames                 Charms/Fire                  7
Comestibles
 b - 3 meat rations
 f - 3 bread rations
 u - 3 fruits
 v - a beef jerky
 x - 2 chunks of flesh


   Skills:
 - Level 2.6 Fighting
 + Level 6.8 Axes
 - Level 3.2 Armour
 - Level 3.2 Shields


You had 4 spell levels left.
You didn't know any spells.

Dungeon Overview and Level Annotations

Branches:
Dungeon (3/15)

Altars:
Qazlal
Trog
The Shining One

Annotations:
D:3 M4edhros's ghost, amateur OpAr


Innate Abilities, Weirdness & Mutations

You are resistant to damage.
You can recharge devices by infusing magical energy.
You passively map a small area around you.
You do not regenerate naturally.
You have sharp toenails.
Your body sometimes deteriorates upon taking damage.
You are dopey. (Int -2)


Message History

M4edhros's ghost hits you but does no damage.
You are more poisoned.
You block M4edhros's ghost's attack.
You are too injured to fight recklessly!
You are too injured to fight recklessly!
You are too injured to fight recklessly!
Unknown command.
Drink which item? (? for menu, Esc to quit)
It was a potion of magic.
Magic courses through your body.
* * * LOW HITPOINT WARNING * * *
You feel very sick.
M4edhros's ghost says, "How about a game of cards?"
M4edhros's ghost hits you but does no damage.
You are more poisoned.
Unknown command.
Drink which item? (? for menu, Esc to quit)
It was a potion of mutation.
You feel extremely strange.
You feel stupid.
Your toenails lengthen and sharpen.
You feel yourself wasting away.
You die...

*, * ..,.# .
,, , #,
..=.#$# * #.
*#.#.#. ,* #..
#.... *
#..##[#.# *
#.......#####.
#....†W....>.
#.@#* * ##.##
##...## *
##.....## , *
###.......###
, ,
#....._.....+
, ,
#.#.......###
,,,
#.##.....## *
#.###.†.## ,


You could see M4edhros's ghost.

Vanquished Creatures
  A wyvern zombie (D:3)
  Ijyb (D:2)
  An orc wizard (D:3)
  Robin (D:2)
  3 gnolls
  An adder (D:2)
  A worm (D:2)
  5 giant geckos
  3 orcs (D:3)
  A ball python (D:1)
  10 bats
  4 giant cockroaches
  15 goblins
  9 hobgoblins
  A quokka (D:3)
  2 giant newts (D:1)
  13 kobolds
  8 rats
80 creatures vanquished.

Notes
Turn   | Place    | Note
--------------------------------------------------------------
     0 | D:1      | MDvedh the Deep Dwarf Fighter began the quest for the Orb.
     0 | D:1      | Reached XP level 1. HP: 20/20 MP: 1/1
   197 | D:1      | Reached XP level 2. HP: 22/27 MP: 2/2
   664 | D:1      | Reached skill level 4 in Axes
   664 | D:1      | Reached XP level 3. HP: 33/33 MP: 3/3
   703 | D:2      | Noticed Robin
   725 | D:2      | Reached XP level 4. HP: 31/40 MP: 4/4
   742 | D:2      | Reached skill level 5 in Axes
   752 | D:2      | Killed Robin
   953 | D:2      | Found a bloodstained altar of Trog.
  1088 | D:2      | Noticed Ijyb
  1091 | D:2      | Found a glowing golden altar of the Shining One.
  1138 | D:2      | Killed Ijyb
  1181 | D:2      | Reached XP level 5. HP: 26/46 MP: 5/5
  1624 | D:3      | Reached skill level 6 in Axes
  1719 | D:3      | Found a faded altar to an unknown god.
  1820 | D:3      | Found a stormy altar of Qazlal.
  1838 | D:3      | Noticed M4edhros's ghost (amateur OpAr)
  1851 | D:3      | Gained mutation: You are dopey. (Int -2) [potion of mutation]
  1851 | D:3      | Gained mutation: You have sharp toenails. [potion of mutation]
  1851 | D:3      | Gained mutation: Your body sometimes deteriorates upon taking damage. [potion of mutation]
  1851 | D:3      | Succumbed to M4edhros's ghost's poison

Action                   |  1- 3 |  4- 6 || total
-------------------------+-------+-------++-------
Melee: War axe           |   113 |   201 ||   314
Evoke: Wand              |     1 |     1 ||     2
  Use: Potion            |       |     2 ||     2
  Eat: Chunk             |       |     4 ||     4
